 Dungeon Crawl Stone Soup version 0.31-a0-1-g4198be8af4 (webtiles) character file.

Game seed: 9453102436498207215

83 Kranky the Insei (level 4, 0/28 HPs)
             Began as an Octopode Transmuter on May 1, 2023.
             Slain by Terence
             ... wielding a +0 trident
              (6 damage)
             ... on level 3 of the Dungeon.
             The game lasted 00:03:35 (1487 turns).

Kranky the Insei (Octopode Transmuter)              Turns: 1487, Time: 00:03:36

Health: 0/28       AC:  1    Str:  9    XL:     4   Next: 44%
Magic:  6/7        EV: 13    Int: 15    God:
Gold:   73         SH:  0    Dex: 14    Spells: 7/8 levels left

rFire   . .          .
                       - Unarmed
rCold   . . .        (no shield)
rNeg    . . .        (helmet currently unavailable)
rPois   .            (no amulet)
rElec   .            (no ring)
rCorr   .            (no ring)
SInv    .            (no ring)
Will    .....        (no ring)
Stlth   +++          (no ring)
HPRegen 0.24/turn    (no ring)
MPRegen 0.10/turn    (no ring)
                     (no ring)

%: no passive effects
@: appendages
A: tentacle spike 3, almost no armour, amphibious, 8 rings, camouflage 1,
gelatinous body 1, (nimble swimmer 1), tentacles
a: End Transformation


You were on level 3 of the Dungeon.
One of your tentacles had grown a beastly spike.
You visited 1 branch of the dungeon, and saw 3 of its levels.

You collected 73 gold pieces.

Inventory:

Missiles
 i - 5 boomerangs
 q - 4 poisoned darts
Wands
 n - a wand of flame (25)
Scrolls
 b - a scroll of enchant weapon {unknown}
 c - a scroll of noise {unknown}
 d - a scroll of immolation {unknown}
 g - a scroll of acquirement {unknown}
 k - a scroll of magic mapping {unknown}
 p - a scroll of torment {unknown}
 r - a scroll of vulnerability {unknown}
 t - a scroll of silence {unknown}
Potions
 a - a potion of lignification
 e - a potion of attraction {unknown}
 f - 2 potions of degeneration {unknown}
 h - a potion of cancellation {unknown}
 j - a potion of mutation {unknown}
 l - a potion of haste {unknown}
 m - a potion of heal wounds {unknown}
 o - a potion of curing {unknown}
 s - 2 potions of brilliance {unknown}


   Skills:
 + Level 1.1 Fighting
 + Level 2.4 Dodging
 + Level 1.1 Stealth
 + Level 4.0 Unarmed Combat
 + Level 2.5 Spellcasting
 + Level 2.5 Transmutations


You had 7 spell levels left.
You knew the following spells:

 Your Spells              Type           Power      Damage    Failure   Level
a - Beastly Appendage     Tmut           18%        N/A       8%          1

Your spell library contained the following spells:

 Spells                   Type           Power      Damage    Failure   Level
 Wereblood                Tmut           9%         N/A       11%         2
 Shock                    Conj/Air       4%         1d3       22%         1
 Spider Form              Tmut/Pois      5%         N/A       36%         3
 Swiftness                Air            1%         N/A       54%         3
 Ice Form                 Ice/Tmut       5%         N/A       77%         4
 Airstrike                Air            0%         2d(1-17)  91%         4


Dungeon Overview and Level Annotations

Branches:
Dungeon (3/15)

Altars:

Annotations:
D:3 Terence


Innate Abilities, Weirdness & Mutations

One of your tentacles has grown a beastly spike.
You cannot wear most types of armour.
You are amphibious.
You can wear up to eight rings at the same time.
Your skin changes colour to match your surroundings (Stealth+).
Your rubbery body absorbs attacks. (AC +1, EV +1)
((You are camouflaged when in or above water. (Stealth+)))
You have tentacles for arms and can constrict up to eight enemies at once.


Message History

Okay, then.
There is a stone staircase leading down here.
You climb downwards.
There is a stone staircase leading up here.
Casting: Beastly Appendage (safe; 8% risk of failure)
Confirm with . or Enter, or press ? or * to list all spells.
One of your tentacles grows a vicious spike.
Terence shouts!
Terence barely misses you.
You closely miss Terence. Your grab misses Terence. You squeeze Terence.
Terence is lightly wounded.
You tentacle-slap Terence. You grab Terence.
You pierce Terence, but do no damage.
Terence is lightly wounded.
You constrict Terence, but do no damage.
Terence hits you with a +0 trident!
You tentacle-slap Terence but do no damage.
You pierce Terence, but do no damage.
You squeeze Terence.
Terence is moderately wounded.
You constrict Terence. Terence hits you with a +0 trident!
* * * LOW HITPOINT WARNING * * *
You are too injured to fight recklessly!
You are too injured to fight recklessly!
Unknown command.
You tentacle-slap Terence but do no damage.
You pierce Terence, but do no damage.
You squeeze Terence!
Terence is severely wounded.
You constrict Terence. Terence closely misses you.
You tentacle-slap Terence but do no damage.
You squeeze Terence.
Terence is almost dead.
You constrict Terence, but do no damage.
Terence hits you with a +0 trident.
* * * LOW HITPOINT WARNING * * *
You tentacle-slap Terence but do no damage.
You pierce Terence, but do no damage.
Terence is almost dead.
You constrict Terence, but do no damage.
Terence hits you with a +0 trident.
You die...

. .. .##.#
......######.#
.......@@....#
.##.#........#
#......##.##
######.# # .#
.. ##


You could see Terence.

Vanquished Creatures
  A hound (D:2)
  2 adders (D:2)
  2 worms (D:2)
  9 endoplasms
  A hobgoblin (D:1)
  4 kobolds
  A quokka (D:1)
  A ball python (D:2)
  3 bats
  A frilled lizard (D:2)
  2 rats
27 creatures vanquished.

Notes
Turn   | Place    | Note
-------+----------+-------------------------------------------
     0 | D:1      | Kranky the Octopode Transmuter began the quest for the Orb.
     0 | D:1      | Reached XP level 1. HP: 13/13 MP: 3/3
   259 | D:1      | Reached XP level 2. HP: 10/18 MP: 5/5
   904 | D:2      | Reached XP level 3. HP: 19/23 MP: 4/6
   941 | D:2      | Reached skill level 1 in Stealth
   941 | D:2      | Reached XP level 4. HP: 28/28 MP: 5/7
  1245 | D:2      | Reached skill level 4 in Unarmed Combat
  1480 | D:3      | Noticed Terence
  1487 | D:3      | Slain by Terence

Illustrated notes

Levels and vault maps discovered:
D:1:      psy_arrival_statuary, layout_basic
D:2:      layout_loops_ring
D:3:      layout_loops_ring, uniq_grinder, uniq_terence, uniq_natasha

Skill      XL: |  1  2  3  4 |
---------------+-------------+-----
Stealth        | 1 |  1.1
Unarmed Combat | 4 |  4.0
Fighting       | |  1.1
Dodging        | |  2.4
Spellcasting   | |  2.5
Transmutations | |  2.5

Action                     |  1- 3 |  4- 6 || total
---------------------------+-------+-------++-------
  Melee: Unarmed           |    47 |    29 ||    76
         Constrict         |     8 |     5 ||    13
         Kick              |     8 |     8 ||    16
         Tentacles         |     7 |     9 ||    16
         Punch             |     1 |     1 ||     2
   Cast: Beastly Appendage |    10 |     4 ||    14
   Stab: Sleeping          |     3 |       ||     3
 Armour: Skin              |     3 |       ||     3
  Dodge: Dodged            |    25 |    13 ||    38

Table legend: (Time is in decaauts)
 A = Elapsed time spent in this place.
 B = Non-inter-level travel time spent in this place.
 C = Inter-level travel time spent in this place.
 D = Time resting spent in this place.
 E = Time spent auto-exploring this place.
 F = Levels seen in this place.
 G = Mean time per level.
                   A        B        C        D        E       F      G
               +--------+--------+--------+--------+--------+-----+--------+
         Total |   1480 |   1424 |     56 |     31 |   1147 |   3 |  493.3 |
       Dungeon |   1480 |   1424 |     56 |     31 |   1147 |   3 |  493.3 |
               +--------+--------+--------+--------+--------+-----+--------+

Top non-repeatable levels by time:
     D:2: 825 daAuts
     D:1: 649 daAuts
     D:3: 6 daAuts
